 Dungeon Crawl Stone Soup version 0.30.0-20-g3615ddf2f0 (webtiles) character file.

Game seed: 8570846533152208491

1065 qw the Cleaver (level 8, -3/49 HPs)
             Began as a Gargoyle Fighter on May 27, 2023.
             Slain by a two-headed ogre
             ... wielding a +0 giant spiked club
              (16 damage)
             ... on level 5 of the Dungeon.
             The game lasted 00:02:14 (3432 turns).

qw the Cleaver (Gargoyle Fighter)                   Turns: 3432, Time: 00:02:14

Health: -3/49      AC: 14    Str: 23    XL:     8   Next: 27%
Magic:  8/8        EV: 10    Int:  8    God:
Gold:   35         SH:  4    Dex:  9    Spells: 7/7 levels left

rFire   . . .        Y - +1 war axe
rCold   . . .        c - +0 buckler
rNeg    + . .        i - +0 ring mail of the Hanged Man {Rampage SInv}
rPois   inf          a - +2 helmet
rElec   +            (no cloak)
rCorr   .            (no gloves)
SInv    +            (no boots)
Will    .....        h - amulet of the acrobat Stlth
                     (no ring)
HPRegen 0.28/turn    (no ring)
MPRegen 0.11/turn

%: acrobat, rampage
@: about to teleport
A: sickness immunity, AC +5, negative energy resistance 1, electricity
resistance, torment resistance 1, petrification resistance
a: no special abilities


You were on level 5 of the Dungeon.
You visited 1 branch of the dungeon, and saw 5 of its levels.

You collected 310 gold pieces.
You spent 275 gold pieces at shops.


Innate Abilities, Weirdness & Mutations

You are immune to sickness and miasma.
Your stone body is resilient. (AC +5)
You are immune to poison.
You resist negative energy. (rN+)
You are resistant to electric shocks. (rElec)
You are resistant to unholy torment.
You are immune to petrification.


   Skills:
 + Level 5.0 Fighting
 - Level 8.1 Axes
 - Level 3.2 Armour
 - Level 1.0 Dodging
 - Level 3.2 Shields


You had 7 spell levels left.
You didn't know any spells.
Your spell library was empty.

Inventory:

Hand Weapons
 f - a +1 flail of protection
 Y - a +1 war axe (weapon)
Armour
 a - a +2 helmet (worn)
 b - a +0 scale mail
 c - a +0 buckler (worn)
 i - the +0 ring mail of the Hanged Man (worn) {Rampage SInv}
   (You found it on level 4 of the Dungeon)

   SInv:      It lets you see invisible.
   Rampage:   It bestows one free step when moving towards enemies.
 l - a +2 leather armour of fire resistance
Jewellery
 h - an amulet of the acrobat (around neck)
 n - a ring of ice
Scrolls
 g - 3 scrolls of identify
 m - a scroll of teleportation
Potions
 d - 2 potions of might
 e - a potion of attraction
 j - 2 potions of curing
 k - a potion of magic

Dungeon Overview and Level Annotations

Branches:
Dungeon (5/15)
 Temple: D:4-7

Altars:
Dithmenos
Trog
Yredelemnul

Shops:
D:5 ?:(


Message History

There is an escape hatch in the floor here.
A two-headed ogre comes into view.
It is wielding a +0 giant spiked club and a +0 giant club.
The two-headed ogre shouts in stereo!
Enter note:
Enter note:
Enter note:
Enter note:
Enter note:
Enter note:
Enter note:
Enter note:
Enter note:
Enter note:
Enter note:
Enter note: You hit the two-headed ogre.
The two-headed ogre is lightly wounded.
The two-headed ogre barely misses you.
The two-headed ogre hits you with a +0 giant club.
You hit the two-headed ogre.
The two-headed ogre is lightly wounded.
You hit the two-headed ogre.
The two-headed ogre is lightly wounded.
The two-headed ogre hits you with a +0 giant spiked club.
The two-headed ogre hits you with a +0 giant club!
You hit the two-headed ogre.
The two-headed ogre is lightly wounded.
The two-headed ogre hits you with a +0 giant spiked club!
The two-headed ogre hits you but does no damage.
You hit the two-headed ogre but do no damage.
The two-headed ogre is lightly wounded.
The two-headed ogre hits you with a +0 giant spiked club.
You block the two-headed ogre's attack.
3431 ||| READING 2 scrolls of teleportation.
As you read the scroll of teleportation, it crumbles to dust.
You feel strangely unstable.
You hit the two-headed ogre.
The two-headed ogre is moderately wounded.
The two-headed ogre hits you with a +0 giant spiked club!
You die...

#.#.....)...........
#.#.############....
#.#.......# #.....
.######.#.#.....# #.....
........>.......# #....<
#######.###....######.#...
#......#.............#.##
#.######.###.............
#@..#.#.......#.#.
......O.................
...............8.....8..
..##.####.#<............
... #.##............ ...
.#......>...... ...
.#............. ...
#.##......./..
#.#..8.....8..


You could see a two-headed ogre.

Vanquished Creatures
  2 black bears (D:5)
  An ogre (D:5)
  4 scorpions
  A hound (D:4)
  2 orc priests (D:4)
  2 sleepcaps (D:5)
  3 iguanas
  4 orc wizards
  Robin (D:3)
  10 adders
  An ufetubus (D:5)
  5 worms
  3 dart slugs
  21 orcs
  10 bats
  6 endoplasms
  2 giant cockroaches (D:2)
  16 goblins
  6 hobgoblins
  4 jackals
  6 kobolds
  2 quokkas
  5 ball pythons
  2 frilled lizards
  6 rats
125 creatures vanquished.

Notes
Turn   | Place    | Note
-------+----------+-------------------------------------------
     0 | D:1      | qw the Gargoyle Fighter began the quest for the Orb.
     0 | D:1      | Reached XP level 1. HP: 14/14 MP: 1/1
     0 | D:1      | 0 ||| qw: Version: 0.2-a-99-gce666ed
     0 | D:1      | 0 ||| qw: Game counter: 166
     0 | D:1      | 0 ||| qw: Always use a shield: true
     0 | D:1      | 0 ||| qw: God list: Okawaru
     0 | D:1      | 0 ||| qw: Allow faded altars: false
     0 | D:1      | 0 ||| qw: Do Orc after D:15 true
     0 | D:1      | 0 ||| qw: Do second Lair branch before Depths: true
     0 | D:1      | 0 ||| qw: Lair rune preference: random
     0 | D:1      | 0 ||| qw: Plans: Normal, Zot:1-4, God:TSO, Crypt, Tomb,
                  | Pan, Slime:5, Hells, Abyss, Win
     0 | D:1      | 0 ||| PLANNING D:1-11
    31 | D:1      | 31 ||| Stepping ~*~*~tactically~*~*~ (stealth).
    39 | D:1      | 39 ||| Stepping ~*~*~tactically~*~*~ (stealth).
    46 | D:1      | 46 ||| Stepping ~*~*~tactically~*~*~ (stealth).
    54 | D:1      | Reached skill level 2 in Axes
   213 | D:1      | 213 ||| Stepping ~*~*~tactically~*~*~ (hiding).
   214 | D:1      | 214 ||| Stepping ~*~*~tactically~*~*~ (stealth).
   215 | D:1      | 215 ||| Stepping ~*~*~tactically~*~*~ (stealth).
   226 | D:1      | Reached XP level 2. HP: 18/19 MP: 2/2
   234 | D:1      | 234 ||| DROPPING +0 club.
   653 | D:1      | 653 ||| READING scroll labelled NASUFO AXILEST.
   654 | D:1      | 654 ||| READING 2 scrolls labelled ONTAYMMAUZOS.
   655 | D:1      | 655 ||| READING scroll labelled RYJEOM HULE.
   660 | D:1      | 660 ||| READING scroll labelled LUBAGU USHUCU.
   686 | D:2      | 686 ||| Stepping ~*~*~tactically~*~*~ (hiding).
   687 | D:2      | 687 ||| Stepping ~*~*~tactically~*~*~ (hiding).
   714 | D:2      | Found a faded altar of an unknown god.
   728 | D:2      | 728 ||| Stepping ~*~*~tactically~*~*~ (hiding).
   739 | D:2      | Reached skill level 3 in Axes
   739 | D:2      | Reached XP level 3. HP: 17/23 MP: 3/3
   772 | D:2      | 772 ||| Stepping ~*~*~tactically~*~*~ (stealth).
  1075 | D:2      | Reached XP level 4. HP: 28/28 MP: 4/4
  1291 | D:2      | Reached skill level 4 in Axes
  1344 | D:2      | 1344 ||| READING scroll labelled YBIRUUTOZU.
  1345 | D:2      | 1345 ||| READING scroll labelled ABEYRE VOESIT.
  1346 | D:2      | 1346 ||| READING scroll labelled UJEH BEMADI.
  1347 | D:2      | 1347 ||| READING scroll labelled OPLENO DITA.
  1348 | D:2      | 1348 ||| DRINKING 3 yellow potions.
  1349 | D:2      | 1349 ||| READING 3 scrolls of identify.
  1349 | D:2      | 1349 ||| IDENTIFYING bubbling puce potion
  1350 | D:2      | 1350 ||| READING 2 scrolls of identify.
  1350 | D:2      | 1350 ||| IDENTIFYING glowing red potion
  1360 | D:3      | 1360 ||| STAIRDANCE
  1387 | D:3      | Found a shadowy altar of Dithmenos.
  1417 | D:3      | Found a basalt altar of Yredelemnul.
  1423 | D:3      | 1423 ||| Stepping ~*~*~tactically~*~*~ (hiding).
  1424 | D:3      | 1424 ||| Stepping ~*~*~tactically~*~*~ (hiding).
  1426 | D:3      | 1426 ||| Stepping ~*~*~tactically~*~*~ (hiding).
  1427 | D:3      | 1427 ||| Stepping ~*~*~tactically~*~*~ (hiding).
  1428 | D:3      | 1428 ||| Stepping ~*~*~tactically~*~*~ (hiding).
  1655 | D:3      | 1655 ||| Stepping ~*~*~tactically~*~*~ (hiding).
  1663 | D:3      | Reached XP level 5. HP: 31/32 MP: 5/5
  1693 | D:3      | 1693 ||| DRINKING 2 fizzy blue potions.
  1711 | D:3      | Noticed Robin
  1713 | D:3      | 1713 ||| Stepping ~*~*~tactically~*~*~ (hiding).
  1723 | D:3      | Killed Robin
  1760 | D:3      | Found a bloodstained altar of Trog.
  1773 | D:3      | 1773 ||| UPGRADING to +0 helmet.
  1778 | D:3      | 1778 ||| DROPPING potion of degeneration.
  1785 | D:3      | 1785 ||| DROPPING +0 whip.
  1892 | D:3      | 1892 ||| Stepping ~*~*~tactically~*~*~ (stealth).
  1893 | D:3      | 1893 ||| Stepping ~*~*~tactically~*~*~ (stealth).
  1903 | D:3      | Reached skill level 5 in Axes
  1944 | D:3      | 1944 ||| DROPPING +0 whip of draining.
  2106 | D:3      | 2106 ||| UPGRADING to amulet of the acrobat.
  2205 | D:4      | 2205 ||| Stepping ~*~*~tactically~*~*~ (hiding).
  2212 | D:4      | Reached XP level 6. HP: 31/38 MP: 6/6
  2212 | D:4      | HP: 7/38 [iguana (6)]
  2213 | D:4      | 2213 ||| DRINKING 2 potions of heal wounds.
  2231 | D:4      | 2231 ||| Stepping ~*~*~tactically~*~*~ (hiding).
  2232 | D:4      | 2232 ||| FLEEEEING.
  2233 | D:4      | 2233 ||| FLEEEEING.
  2239 | D:4      | HP: 9/38 [something/puff of flame (6)]
  2240 | D:4      | 2240 ||| DRINKING potion of heal wounds.
  2246 | D:4      | Reached skill level 6 in Axes
  2314 | D:4      | 2314 ||| DROPPING +0 flail.
  2323 | D:4      | Identified the +0 ring mail of the Hanged Man {Rampage
                  | SInv}
  2397 | D:4      | Reached skill level 1 in Dodging
  2397 | D:4      | Reached XP level 7. HP: 43/43 MP: 7/7
  2466 | D:4      | 2466 ||| Stepping ~*~*~tactically~*~*~ (hiding).
  2467 | D:4      | 2467 ||| Stepping ~*~*~tactically~*~*~ (hiding).
  2468 | D:4      | 2468 ||| Stepping ~*~*~tactically~*~*~ (hiding).
  2469 | D:4      | 2469 ||| Stepping ~*~*~tactically~*~*~ (hiding).
  2823 | D:4      | 2823 ||| UPGRADING to +0 ring mail of the Hanged Man
                  | {Rampage SInv}.
  2833 | D:4      | 2833 ||| READING scroll labelled XABEX CAYDGH.
  2852 | D:5      | Entered Level 5 of the Dungeon
  2873 | D:5      | 2873 ||| Stepping ~*~*~tactically~*~*~ (hiding).
  2905 | D:5      | Reached skill level 7 in Axes
  2944 | D:5      | 2944 ||| Stepping ~*~*~tactically~*~*~ (stealth).
  2980 | D:5      | Found Zefaoni's Book Shop.
  2984 | D:5      | Found Cuewiege's Magic Scroll Boutique.
  3004 | D:5      | 3004 ||| READING 3 scrolls of identify.
  3004 | D:5      | 3004 ||| IDENTIFYING white potion
  3007 | D:5      | 3007 ||| BUYING scroll of enchant armour (75 gold).
  3007 | D:5      | Bought a scroll of enchant armour for 75 gold pieces
  3007 | D:5      | 3007 ||| BUYING scroll of enchant armour (75 gold).
  3007 | D:5      | Bought a scroll of enchant armour for 75 gold pieces
  3007 | D:5      | 3007 ||| BUYING scroll of enchant weapon (75 gold).
  3007 | D:5      | Bought a scroll of enchant weapon for 75 gold pieces
  3007 | D:5      | 3007 ||| BUYING scroll of identify (20 gold).
  3007 | D:5      | Bought a scroll of identify for 20 gold pieces
  3007 | D:5      | 3007 ||| BUYING scroll of teleportation (30 gold).
  3007 | D:5      | Bought a scroll of teleportation for 30 gold pieces
  3007 | D:5      | 3007 ||| READING 2 scrolls of enchant armour.
  3007 | D:5      | 3007 ||| ENCHANTING +0 helmet.
  3008 | D:5      | 3008 ||| READING scroll of enchant armour.
  3008 | D:5      | 3008 ||| ENCHANTING +1 helmet.
  3009 | D:5      | 3009 ||| READING scroll of enchant weapon.
  3009 | D:5      | 3009 ||| ENCHANTING +0 war axe.
  3237 | D:5      | Reached XP level 8. HP: 45/49 MP: 8/8
  3291 | D:5      | Found Jofounan's Weapon Emporium.
  3294 | D:5      | 3294 ||| SHOPLISTING +0 broad axe (48 gold, have 35).
  3344 | D:5      | Reached skill level 8 in Axes
  3420 | D:5      | Noticed a two-headed ogre
  3430 | D:5      | HP: 12/49 [two-headed ogre/+0 giant spiked club (5)]
  3431 | D:5      | 3431 ||| READING 2 scrolls of teleportation.
  3432 | D:5      | Slain by a two-headed ogre

Levels and vault maps discovered:
D:1:      minmay_arrival_semitransparent, layout_loops_ring, serial_park_tiny_2,
          minmay_surrounded
D:2:      layout_basic, chequers_ecumenical_altar_simple_redux
D:3:      layout_basic, amcnicky_altar_gilded, mainiacjoe_overflow_chevrons,
          demons_altar, overflow_temple_1_default, serial_corexii_hall,
          corexii_hall_statues_x, chequers_hall_statues_wall_a,
          nicolae_wormholes, uniq_robin
D:4:      layout_basic, minmay_misc_feat_enclosed, kennysheep_generic_room_12
D:5:      layout_basic, minmay_temple_entry_enclosed_plants, serial_shops,
          nicolae_shop_real_fake_doors, shop, shop, st_stairs_1,
          kennysheep_cross_bottleneck, kennysheep_cross_room,
          grunt_ministairs_11, minmay_misc_feat_ornament

Skill      XL: |  1  2  3  4  5  6  7  8 |
---------------+-------------------------+-----
Axes           | 2 3 4 5 6 7 8 |  8.1
Fighting       | 4 5 |  5.0
Dodging        | 1 |  1.0
Armour         | |  3.2
Shields        | |  3.2

Action                     |  1- 3 |  4- 6 |  7- 9 || total
---------------------------+-------+-------+-------++-------
  Melee: War axe           |   105 |   175 |   102 ||   382
  Throw: Boomerang         |       |       |     4 ||     4
    Use: Scroll            |     4 |     6 |     6 ||    16
         Potion            |       |     4 |       ||     4
 Armour: Scale mail        |    72 |   127 |     9 ||   208
         Ring mail         |       |       |    32 ||    32
  Dodge: Dodged            |    50 |    98 |    48 ||   196
  Block: Buckler           |    14 |    39 |    20 ||    73

Table legend:
 A = Non-vault XP
 B = Vault XP
 C = Vault XP percentage of total XP
 D = Non-vault monster count
 E = Vault monster count
 F = Vault count percentage of total count
                 A         B        C        D         E       F
            +---------+---------+-------+---------+---------+-------
      Total |    1294 |     228 |  15.0 |      99 |      26 |  20.8
            +---------+---------+-------+---------+---------+-------
        D:1 |       6 |       6 |  50.0 |       4 |       4 |  50.0
        D:2 |     106 |       0 |   0.0 |      29 |       0 |   0.0
        D:3 |     107 |      52 |  32.7 |      24 |      15 |  38.5
        D:4 |     443 |       8 |   1.8 |      32 |       3 |   8.6
        D:5 |     632 |     162 |  20.4 |      10 |       4 |  28.6
            +---------+---------+-------+---------+---------+-------
